AoeStats
← MiniColossus

Arena

509750396Analyzed
4v4 RM · 6d ago on Sep 27, 2026· 42m 18s· 8 players
Game mode
Random Map
Map size
Large (8 player)
Population
200
Speed
Normal
Resources
Standard
Victory
Conquest
Starting age
Dark Age
Ending age
Imperial Age
RankedLock teamsTeams togetherTeam positionsShared explorationLock speedFull tech treeHidden civsTurbo modeCheats
Victory
Defeat
🇮🇹 Turks · Italy
1126
+17
🇬🇧 Wei · United Kingdom
1100
+18
🇦🇹 Cumans · Austria
1070
+19
🇬🇧 Lithuanians · United Kingdom
1067
+19
🇺🇸 Burgundians · United States
1175
-21
🇩🇪 Byzantines · Germany
1168
-19
🇨🇱 Maya · Chile
1121
-17
🇺🇸 Bengalis · United States
1087
-16
MiniColossus
9:27 Feudal Age
13:25 Castle Age
23:46 Scale Barding Armor
26:50 Chain Barding Armor
26:41 Forging
30:32 Imperial Age
28:41 Wheelbarrow
30:02 Husbandry
30:13 Bloodlines
30:45 Iron Casting
30:01 Double-Bit Axe
30:49 Cavalier
32:11 Paladin
36:46 Plate Barding Armor
Danny
11:00 Feudal Age
11:54 Double-Bit Axe
11:50 Horse Collar
13:13 Loom
15:59 Castle Age
14:56 Gold Mining
17:24 Wheelbarrow
19:27 Heavy Plow
22:42 Bow Saw
23:15 Hand Cart
23:26 Stone Mining
26:41 Scale Barding Armor
26:46 Forging
28:37 Gold Shaft Mining
28:47 Bloodlines
28:37 Husbandry
31:52 Imperial Age
31:18 Stone Shaft Mining
31:19 Scale Mail Armor
31:54 Iron Casting
31:41 Chain Barding Armor
33:06 Crop Rotation
33:10 Town Watch
32:49 Elite Tiger Cavalry
34:59 Ming Guang Armor
34:45 Town Patrol
35:49 Blast Furnace
38:05 Light Cavalry
锋
11:19 Feudal Age
15:02 Castle Age
14:07 Double-Bit Axe
16:00 Bow Saw
21:08 Imperial Age
19:01 Gold Mining
21:35 Gold Shaft Mining
20:43 Horse Collar
26:08 Padded Archer Armor
27:48 Wheelbarrow
27:06 Fletching
27:34 Leather Archer Armor
27:13 Stone Mining
32:00 Loom
32:31 Hand Cart
38:02 Town Watch
tony徐
2:36 Loom
10:14 Feudal Age
11:27 Double-Bit Axe
13:53 Horse Collar
17:02 Loom
20:29 Loom
21:21 Wheelbarrow
20:31 Town Watch
22:27 Gold Mining
22:27 Stone Mining
26:37 Castle Age
34:36 Gold Shaft Mining
37:12 Masonry
38:40 Forging
38:30 Scale Mail Armor
39:16 Steppe Husbandry
39:42 Murder Holes
39:51 Heavy Plow
40:05 Bow Saw
39:40 Pikeman
40:20 Squires
41:01 Bloodlines
40:12 Light Cavalry
44:05 Imperial Age
43:26 Iron Casting
42:57 Scale Barding Armor
PuneMahaWarrior
4:00 Double-Bit Axe
11:06 Feudal Age
9:29 Horse Collar
10:39 Gold Mining
13:22 Loom
16:40 Castle Age
15:44 Bow Saw
18:29 Two-Man Saw
18:05 Husbandry
21:35 Wheelbarrow
23:31 Scale Barding Armor
23:15 Cavalier
24:57 Gold Shaft Mining
25:07 Chain Barding Armor
25:21 Forging
28:44 Iron Casting
29:07 Hand Cart
35:20 Scale Mail Armor
35:21 Squires
37:59 Imperial Age
36:22 Chain Mail Armor
37:11 Burgundian Vineyards
39:02 Conscription
cobanizer
8:55 Loom
10:43 Feudal Age
12:42 Double-Bit Axe
15:53 Castle Age
13:56 Double-Bit Axe
17:41 Wheelbarrow
23:19 Hand Cart
23:27 Horse Collar
24:09 Bow Saw
24:16 Loom
25:20 Gold Mining
25:23 Stone Mining
27:30 Scale Barding Armor
27:35 Forging
28:16 Husbandry
29:05 Chain Barding Armor
31:25 Imperial Age
31:17 Elite Skirmisher
32:03 Thumb Ring
32:14 Heavy Camel Rider
33:39 Fletching
33:49 Padded Archer Armor
35:43 Bodkin Arrow
36:03 Leather Archer Armor
36:24 Iron Casting
36:25 Plate Barding Armor
37:30 Bracer
39:33 Ballistics
40:13 Chemistry
fatmuddybear
10:51 Feudal Age
12:26 Double-Bit Axe
12:23 Horse Collar
15:09 Castle Age
15:09 Gold Mining
16:40 Bow Saw
17:11 Gold Shaft Mining
18:21 Wheelbarrow
19:37 Loom
21:54 Hand Cart
26:41 Imperial Age
24:21 Stone Mining
26:22 Town Watch
27:41 Heavy Plow
28:53 Two-Man Saw
28:56 Scale Barding Armor
29:04 Forging
29:15 Town Patrol
29:31 Husbandry
29:46 Bloodlines
31:29 Chain Barding Armor
31:45 Iron Casting
31:43 Conscription
31:46 Mahayana
31:57 Elite Battle Elephant
33:37 Plate Barding Armor
33:36 Paiks
34:31 Fletching
35:44 Blast Furnace
36:52 Fletching
37:04 Padded Archer Armor
37:16 Elite Ratha (Ranged)
38:15 Bodkin Arrow
Sargez
0:40 Loom
12:19 Feudal Age
17:12 Castle Age
20:03 Eagle Warrior
35:55 Fortified Wall
36:07 Gold Mining
41:41 Imperial Age
42:44 Conscription
Connection lost

Rejoining the realm…

Still unreachable

The connection could not be restored.

Session expired

The server has moved on; the page needs a fresh start.